 Dungeon Sprint DCSS version 0.27-a0-67-g4bfc8a49e1 (webtiles) character file.

Game seed: 4099738299038547435

8870 mhtbhm the Sorcerer (level 11, -2/54 HPs)
             Began as a Deep Elf Earth Elementalist on Jan 9, 2021.
             Was the Champion of Vehumet.
             Shot with an arrow by a deep elf master archer (19 damage)
             ... in the Dungeon (Sprint III: "The Ten Rune Challenge").
             The game lasted 00:07:41 (1865 turns).

mhtbhm the Sorcerer (Deep Elf Earth Elementalist)   Turns: 1865, Time: 00:07:41

Health: -2/54      AC:  3    Str:  5    XL:     11   Next: 15%
Magic:  42/42      EV: 15    Int: 24    God:    Vehumet [******]
Gold:   3235       SH:  0    Dex: 15    Spells: 35/53 levels left

rFire    + . .     SeeInvis .   o - +0 dagger (vamp)
rCold    + . .     Faith    .   (no shield)
rNeg     . . .     Spirit   .   c - +1 robe {rC+ rF+}
rPois    .         Reflect  .   (helmet restricted)
rElec    .         Harm     .   (no cloak)
rCorr    .         Rampage  .   (no gloves)
Will     +....     NoTele   +   (no boots)
Stlth    ++........             (no amulet)
HPRegen  0.18/turn              (no ring)
MPRegen  0.28/turn              (no ring)

@: no status effects
A: horns 1, high mp 1
a: Renounce Religion


You were in the Dungeon.
You worshipped Vehumet.
Vehumet was exalted by your worship.
You visited 1 branch You collected 3235 gold pieces.

Inventory:

Hand Weapons
 o - a +0 vampiric dagger (weapon)
Missiles
 b - 15 stones
Armour
 c - a +1 robe of resistance (worn)
Scrolls
 a - a scroll of immolation
 i - 2 scrolls of blinking
 l - a scroll of torment
 m - 2 scrolls of remove curse
Potions
 d - a potion of curing
 e - a potion of heal wounds
 f - a potion of haste
 g - 2 potions of magic
 h - 2 potions of berserk rage
 k - 4 potions of flight
 n - 4 potions of mutation
 p - a potion of lignification


   Skills:
 + Level 5.4 Dodging
 - Level 3.2 Stealth
 + Level 21.7 Spellcasting
 + Level 3.7 Conjurations
 + Level 4.6 Transmutations
 + Level 19.4 Earth Magic


You had 35 spell levels left.
You knew the following spells:

 Your Spells              Type           Power        Failure   Level
a - Sandblast             Erth           100%         0%          1
b - Passwall              Tmut/Erth      59%          1%          2
c - Stone Arrow           Conj/Erth      100%         1%          3
d - Lee's Rapid Deconstr  Erth           44%          0%          5
e - Petrify               Tmut/Erth      71%          1%          4
f - Ignite Poison         Fire/Tmut/Pois 33%          1%          3

Your spell library contained the following spells:

 Spells                   Type           Power        Failure   Level
 Iron Shot                Conj/Erth      34%          1%          6
 Freeze                   Ice            100%         1%          1
 Frozen Ramparts          Ice            52%          1%          3
 Hailstorm                Conj/Ice       35%          2%          4
 Ozocubu's Armour         Ice            26%          4%          3
 Summon Ice Beast         Ice/Summ       26%          16%         4


Dungeon Overview and Level Annotations

Branches:
Dungeon (1/1)

Altars:
Cheibriados
Dithmenos
Elyvilon
Fedhas
Gozag
Hepliaklqana
Kikubaaqudgha
Makhleb
Nemelex Xobeh
Okawaru
Qazlal
Ru
Sif Muna
Trog
Uskayaw
Vehumet
Wu Jian
Xom
Yredelemnul
Zin
The Shining One
Beogh
Jiyva
Lugonu

Shops:
D (


Innate Abilities, Weirdness & Mutations

You have a pair of small horns on your head.
You have an increased reservoir of magic. (+10% MP)


Message History

You start resting.
A deep elf master archer comes into view.
It is wielding a +0 longbow and wearing a +0 chain mail of poison resistance.
Casting: Lee's Rapid Deconstruction (safe; 0% risk of failure)
Confirm with . or Enter, or press ? or * to list all spells.
Aiming: Lee's Rapid Deconstruction (safe; 0% risk of failure)
Press: ? - help, Dir - move target A stone wall.
Okay, then.
You start resting.
Magic restored.
A deep elf annihilator comes into view.
It is wielding the +4 mace of Kiorphem {elec, rPois Dex+5} and wearing a +0 robe of resistance.
The deep elf master archer shoots an arrow.
The arrow hits you!!
You see here an arrow.
Unknown command.
The deep elf master archer shoots an arrow.
The arrow hits you!!
The deep elf master archer shoots an arrow.
The arrow hits you!!
You die...

▓▓▓▓▓▓▓ #
#.##..########## ###
###..##....'.#...# ...'
#..........#.#...##≈≈≈≈#
#........###.#).(≈≈≈ee).
#........∩.#.#).@##≈≈≈≈#
#))).#..##.#.)...# [..'
#)##..####.####### ###
#§#####################
#§[§≈≈§.#(').)'.#.#.#.+
#.#≈≈§#.#(#)..##.#.#.##
'.#§§§#.#.#...#.#.#.#.#
#.#§..#...#...##.#.#.##
▓▓▓▓▓▓▓▓▓▓▓▓▓▓#.#.#.#.#


You could see a deep elf master archer and a deep elf annihilator.

Vanquished Creatures
  A deep elf annihilator (D)
  A deep elf high priest (D)
  Erica (D)
  A centaur warrior (D)
  2 deep elf knights (D)
  An unseen horror (D)
  An orc knight (D)
  4 deep elf magi (D)
  An orc sorcerer (D)
  3 wandering mushrooms (D)
  A shadow (D)
  A spatial vortex (D)
  2 orc warriors (D)
  A necrophage (D)
  2 centaurs (D)
  An earth elemental (D)
  A water elemental (D)
  A jelly (D)
  An orc priest (D)
  A wizard (D)
  Jessica (D)
  A necromancer (D)
  An orc wizard (D)
  3 humans (D)
  A kobold demonologist (D)
  2 oozes (D)
  A phantom (D)
  12 orcs (D)
  A rat (D)
51 creatures vanquished.

Vanquished Creatures (others)
  5 plants (D)
5 creatures vanquished.

Grand Total: 56 creatures vanquished

Notes
Turn   | Place    | Note
-------+----------+-------------------------------------------
     0 | D        | mhtbhm the Deep Elf Earth Elementalist began the quest for
                  | the Orb.
     0 | D        | Reached XP level 1. HP: 10/10 MP: 6/6
     7 | D        | Reached skill level 4 in Spellcasting
     7 | D        | Reached XP level 2. HP: 9/15 MP: 1/9
    81 | D        | Learned a level 2 spell: Passwall
   121 | D        | Gained mutation: You have an increased reservoir of magic.
                  | (+10% MP) [potion of mutation]
   121 | D        | Gained mutation: You have a pair of small horns on your
                  | head. [potion of mutation]
   134 | D        | Reached skill level 5 in Earth Magic
   179 | D        | Noticed Jessica
   183 | D        | Killed Jessica
   184 | D        | Reached skill level 5 in Spellcasting
   184 | D        | Reached XP level 3. HP: 17/19 MP: 5/12
   268 | D        | Learned a level 3 spell: Stone Arrow
   360 | D        | Noticed a water elemental
   362 | D        | Killed a water elemental
   363 | D        | Reached skill level 7 in Spellcasting
   363 | D        | Reached XP level 4. HP: 24/24 MP: 11/16
   400 | D        | Found a radiant altar of Vehumet.
   400 | D        | Found a shimmering blue altar of Sif Muna.
   400 | D        | Found an ancient bone altar of Kikubaaqudgha.
   400 | D        | Noticed a wizard
   401 | D        | Killed a wizard
   402 | D        | Reached skill level 8 in Spellcasting
   402 | D        | Reached XP level 5. HP: 28/28 MP: 16/19
   410 | D        | Became a worshipper of Vehumet
   442 | D        | Found a glowing silver altar of Zin.
   442 | D        | Found a glowing golden altar of the Shining One.
   442 | D        | Found a white marble altar of Elyvilon.
   442 | D        | Noticed a deep elf mage
   450 | D        | Learned a level 5 spell: Lee's Rapid Deconstruction
   455 | D        | Learned a level 4 spell: Petrify
   457 | D        | Killed a deep elf mage
   458 | D        | Reached skill level 5 in Dodging
   458 | D        | Reached skill level 11 in Spellcasting
   458 | D        | Reached XP level 6. HP: 32/32 MP: 9/25
   458 | D        | Reached XP level 7. HP: 36/36 MP: 9/26
   547 | D        | Found a basalt altar of Yredelemnul.
   547 | D        | Found a shadowy altar of Dithmenos.
   547 | D        | Found a sacrificial altar of Ru.
   549 | D        | Reached skill level 12 in Spellcasting
   550 | D        | Reached * piety under Vehumet
   550 | D        | Offered knowledge of Magic Dart by Vehumet.
   615 | D        | Found a hide-covered altar of Uskayaw.
   615 | D        | Found a roughly hewn altar of Beogh.
   615 | D        | Found an iron altar of Okawaru.
   615 | D        | Found a bloodstained altar of Trog.
   615 | D        | Found an ornate altar of the Wu Jian Council.
   615 | D        | Noticed a human
   615 | D        | Noticed a human
   617 | D        | Killed a human
   618 | D        | Reached skill level 13 in Spellcasting
   618 | D        | Reached skill level 1 in Conjurations
   618 | D        | Killed a human
   710 | D        | Offered knowledge of Foxfire by Vehumet.
   710 | D        | Reached ** piety under Vehumet
   712 | D        | Noticed a shadow
   714 | D        | Killed a shadow
   715 | D        | Reached skill level 14 in Spellcasting
   715 | D        | Reached XP level 8. HP: 41/41 MP: 21/30
   761 | D        | Found a blossoming altar of Fedhas.
   761 | D        | Found a stormy altar of Qazlal.
   761 | D        | Found a snail-covered altar of Cheibriados.
   761 | D        | Found a burning altar of Makhleb.
   761 | D        | Found a shimmering altar of Xom.
   762 | D        | Found a hazy altar of Hepliaklqana.
   762 | D        | Found an opulent altar of Gozag.
   762 | D        | Found a sparkling altar of Nemelex Xobeh.
   762 | D        | Found a corrupted altar of Lugonu.
   762 | D        | Found a viscous altar of Jiyva.
   823 | D        | Noticed Erica
   832 | D        | Killed Erica
   833 | D        | Reached skill level 16 in Spellcasting
   833 | D        | Reached skill level 15 in Earth Magic
   959 | D        | Offered knowledge of Ignite Poison by Vehumet.
   959 | D        | Reached *** piety under Vehumet
   960 | D        | Reached XP level 9. HP: 45/45 MP: 19/34
   964 | D        | Learned a level 3 spell: Ignite Poison
  1077 | D        | Offered knowledge of Conjure Flame by Vehumet.
  1078 | D        | Noticed a centaur warrior
  1080 | D        | Killed a centaur warrior
  1081 | D        | Reached skill level 17 in Spellcasting
  1161 | D        | Killed an unseen horror
  1161 | D        | Reached **** piety under Vehumet
  1162 | D        | Reached skill level 18 in Spellcasting
  1275 | D        | Noticed a wandering mushroom
  1279 | D        | Noticed a wandering mushroom
  1283 | D        | Killed a wandering mushroom
  1283 | D        | Offered knowledge of Iskenderun's Mystic Blast by Vehumet.
  1285 | D        | Noticed a wandering mushroom
  1291 | D        | Killed a wandering mushroom
  1295 | D        | Killed a wandering mushroom
  1296 | D        | Reached XP level 10. HP: 50/50 MP: 12/37
  1456 | D        | Reached ***** piety under Vehumet
  1456 | D        | Offered knowledge of Orb of Destruction by Vehumet.
  1463 | D        | Noticed an orc knight
  1466 | D        | Killed an orc knight
  1467 | D        | Reached skill level 19 in Spellcasting
  1472 | D        | Killed an orc sorcerer
  1474 | D        | Reached ****** piety under Vehumet
  1583 | D        | Found Luxkol's Weapon Shop.
  1660 | D        | Noticed a deep elf knight
  1660 | D        | Noticed a deep elf mage
  1660 | D        | Noticed a deep elf mage
  1660 | D        | Noticed a deep elf knight
  1660 | D        | Noticed a deep elf mage
  1678 | D        | Killed a deep elf knight
  1678 | D        | Offered knowledge of Iron Shot by Vehumet.
  1678 | D        | Killed a deep elf knight
  1679 | D        | Reached skill level 20 in Spellcasting
  1679 | D        | Killed a deep elf mage
  1680 | D        | Killed a deep elf mage
  1682 | D        | Killed a deep elf mage
  1683 | D        | Reached skill level 21 in Spellcasting
  1765 | D        | Noticed a deep elf demonologist
  1765 | D        | Noticed a deep elf demonologist
  1789 | D        | Noticed a deep elf annihilator
  1795 | D        | Killed a deep elf annihilator
  1796 | D        | Reached XP level 11. HP: 54/54 MP: 32/42
  1796 | D        | Identified the +1 dagger "Viress" {distort, *Corrode Str+3
                  | Int+6}
  1796 | D        | Noticed a deep elf high priest
  1798 | D        | Killed a deep elf high priest
  1799 | D        | Noticed a deep elf master archer
  1863 | D        | Identified the +4 mace of Kiorphem {elec, rPois Dex+5}
  1863 | D        | Noticed a deep elf annihilator
  1865 | D        | Shot with an arrow by a deep elf master archer

Illustrated notes

Levels and vault maps discovered:
D:        dungeon_sprint_mu [sprint_mu_entry_forest, sprint_mu_temple_rooms,
          sprint_mu_d1_horrors, sprint_mu_d2_genie, sprint_mu_d3_branching,
          sprint_mu_orc_legion, sprint_mu_elf_gauntlet, sprint_mu_hive_nellie,
          sprint_mu_lair_fedhas, sprint_mu_vaults_butterflies,
          sprint_mu_slime_circle, sprint_mu_swamp_cave, sprint_mu_shoals_archi,
          sprint_mu_blade_basic, sprint_mu_crypt_lich, sprint_mu_tomb_spiral,
          sprint_mu_vestibule_basic, sprint_mu_gehenna_hellfire,
          sprint_mu_dis_giant, sprint_mu_tartarus_statrot,
          sprint_mu_cocytus_islands, sprint_mu_zot1]

Skill      XL: |  1  2  3  4  5  6  7  8  9 10 |
---------------+-------------------------------+-----
Earth Magic    | 4 6 8 12 13 15 17 19 | 19.4
Spellcasting   | 4 5 7 8 11 14 16 18 21 | 21.7
Dodging        | 3 4 5 |  5.4
Stealth        | 3 |  3.2
Transmutations | 2 3 4 |  4.6
Conjurations   | 1 2 3 |  3.7

Action                   |  1- 3 |  4- 6 |  7- 9 | 10-12 || total
-------------------------+-------+-------+-------+-------++-------
Melee: Unarmed           |    10 |       |       |       ||    10
       Headbutt          |     1 |       |       |       ||     1
       Dagger            |       |       |     2 |       ||     2
 Cast: Sandblast         |    13 |     2 |       |       ||    15
       Passwall          |     2 |       |       |       ||     2
       Stone Arrow       |     2 |       |    13 |     1 ||    16
       Lee's Rapid Decon |       |     2 |    21 |    21 ||    44
       Petrify           |       |       |     2 |       ||     2
  Use: Potion            |     1 |       |     1 |       ||     2
       Scroll            |       |       |       |     3 ||     3
Armor: Robe              |     3 |       |       |       ||     3
Dodge: Dodged            |    10 |       |     2 |       ||    12

Table legend: (Time is in decaauts)
 A = Elapsed time spent in this place.
 B = Non-inter-level travel time spent in this place.
 C = Inter-level travel time spent in this place.
 D = Time resting spent in this place.
 E = Time spent auto-exploring this place.
 F = Levels seen in this place.
 G = Mean time per level.
                   A        B        C        D        E       F      G
               +--------+--------+--------+--------+--------+-----+--------+
         Total |   1875 |   1875 |      0 |   1258 |      1 |   1 | 1875.0 |
       Dungeon |   1875 |   1875 |      0 |   1258 |      1 |   1 | 1875.0 |
               +--------+--------+--------+--------+--------+-----+--------+

Top non-repeatable levels by time:
       D: 1875 daAuts
